[Event "Titled Tuesday Blitz May 10 Early 2022"]
[White "Schut, Han"]
[Black "Lauridsen, Jesper Morch"]
[WhiteFideId "1005561"]
[BlackFideId "1401890"]
[WhiteElo "2057"]
[BlackElo "2191"]
[Result "1/2-1/2"]
[Round "11"]
[TimeControl "180+1"]
[Date "2022.05.11"]
[WhiteClock "0:00:55"]
[BlackClock "0:00:06"]

1. e4 g6 2. d4 Bg7 3. Nc3 d6 4. f4 a6 5. Nf3 Nd7 6. Bd3 b5 7. e5 Bb7 8. Qe2 e6 9. Ne4 Bxe4 10. Bxe4 d5 11. Bd3 c5 12. c3 Ne7 13. O-O Nc6 14. Bd2 Qb6 15. Be3 cxd4 16. Nxd4 Nxd4 17. Bxd4 Qc7 18. Rae1 Bf8 19. g4 Bc5 20. f5 gxf5 21. gxf5 Rg8+ 22. Kh1 O-O-O 23. a4 Qb6 24. axb5 Bxd4 25. cxd4 a5 26. Rc1+ Kb8 27. Rc6 Qxd4 28. Rfc1 Nxe5 29. Rb6+ Qxb6 30. Qxe5+ Qd6 31. Qe1 Rc8 32. Rxc8+ Rxc8 33. Qxa5 exf5 34. b6 Qd7 35. Bxf5 Qe7 36. Bxc8 Qe4+ 37. Kg1 Qe3+ 38. Kg2 Qe2+ 39. Kg3 Qe3+ 40. Kh4 Qh6+ 41. Kg3 Qe3+ 42. Kh4 Qh6+ 43. Kg3 Qe3+ 1/2-1/2


[Site "https://www.chess.com"]

[Event "Titled Tuesday Blitz May 10 Early 2022"]
[White "Sharbaf, Mohsen"]
[Black "Zemlyanskii, Ivan"]
[WhiteFideId "12501808"]
[BlackFideId "24249971"]
[WhiteElo "2187"]
[BlackElo "1815"]
[Result "0-1"]
[Round "11"]
[TimeControl "180+1"]
[Date "2022.05.11"]
[WhiteClock "0:01:19"]
[BlackClock "0:01:02"]

1. c4 e5 2. g3 c6 3. d4 e4 4. Bg2 d5 5. cxd5 cxd5 6. Nc3 Nc6 7. Nh3 Nf6 8. Bg5 Be7 9. Nf4 Be6 10. e3 O-O 11. O-O Qd7 12. Bxf6 Bxf6 13. f3 exf3 14. Qxf3 Bg5 15. Nfxd5 Rad8 16. Nf4 Bg4 17. Qd5 Qe7 18. Qe4 Qd7 19. Nfd5 Rfe8 20. Qd3 Be6 21. Rae1 Bh3 22. Bxh3 Qxh3 23. Qf5 Qxf5 24. Rxf5 Nxd4 25. Rxg5 Nf3+ 26. Kf2 Nxg5 27. h4 Ne6 28. Nf4 Nxf4 29. gxf4 Rd2+ 30. Re2 Rxe2+ 31. Kxe2 Re6 32. e4 Rh6 33. Nb5 Rb6 34. Nxa7 Rxb2+ 0-1


[Site "https://www.chess.com"]

[Event "Titled Tuesday Blitz May 10 Early 2022"]
[White "Shtyka, Sergey"]
[Black "Cagara, Paulina"]
[WhiteFideId "4138465"]
[BlackFideId "1124870"]
[WhiteElo "2014"]
[BlackElo "1800"]
[Result "1-0"]
[Round "11"]
[TimeControl "180+1"]
[Date "2022.05.11"]
[WhiteClock "0:00:54"]
[BlackClock "0:00:48"]

1. e4 c6 2. Nf3 d5 3. Nc3 Bg4 4. h3 Bxf3 5. Qxf3 e6 6. a3 Nd7 7. d3 Ngf6 8. g3 dxe4 9. dxe4 Ne5 10. Qe2 Bc5 11. Bg2 O-O 12. O-O b5 13. Kh2 a5 14. f4 Nc4 15. b3 Nb6 16. e5 Nfd5 17. Ne4 Bd4 18. Rb1 a4 19. c4 bxc4 20. bxc4 Nc3 21. Nxc3 Bxc3 22. Be3 Bd4 23. Rfd1 c5 24. Bxa8 Nxa8 25. Bxd4 cxd4 26. Qd2 Qe7 27. Rb4 f6 28. Qxd4 fxe5 29. Qxe5 h6 30. Rd6 Re8 31. f5 Qg5 32. Qf4 e5 33. Qxg5 hxg5 34. c5 e4 35. Rdd4 e3 36. Re4 Nc7 37. Rxe8+ Nxe8 38. Re4 1-0


[Site "https://www.chess.com"]

[Event "Titled Tuesday Blitz May 10 Early 2022"]
[White "Shukhman, Anna"]
[Black "Johnson, Ben"]
[WhiteFideId "54180058"]
[BlackFideId "2010917"]
[WhiteElo "1726"]
[BlackElo "2225"]
[Result "1-0"]
[Round "11"]
[TimeControl "180+1"]
[Date "2022.05.11"]
[WhiteClock "0:00:15"]
[BlackClock "0:00:04"]

1. e4 c5 2. Nf3 Nc6 3. Bb5 g6 4. O-O Bg7 5. c3 e5 6. d4 cxd4 7. cxd4 exd4 8. Bf4 a6 9. Ba4 b5 10. Bb3 Nge7 11. Bd6 Bb7 12. a4 Nc8 13. axb5 axb5 14. Rxa8 Bxa8 15. Bc5 d6 16. Bxd4 Nxd4 17. Nxd4 O-O 18. Nc3 Qb6 19. Ndxb5 Bxe4 20. Re1 Bb7 21. Na3 Qd4 22. Qe2 Qb4 23. Qc4 Qxc4 24. Nxc4 Ba6 25. Rd1 Re8 26. Ne3 Be5 27. g3 Kg7 28. Ba4 Re7 29. Ncd5 Rb7 30. b4 Bb5 31. Bxb5 Rxb5 32. f4 Bf6 33. Kf2 Bd8 34. Rc1 Nb6 35. Nxb6 Rxb6 36. Nd5 Rb5 37. Rd1 f5 38. Ke3 Bb6+ 39. Nxb6 Rxb6 40. Rb1 Kf6 41. b5 Ke6 42. Kd4 d5 43. Kc5 Rb8 44. b6 Rc8+ 45. Kb5 d4 46. b7 Rb8 47. Kc6 h6 48. Kc7 Rxb7+ 49. Kxb7 d3 50. Rd1 1-0


[Site "https://www.chess.com"]

[Event "Titled Tuesday Blitz May 10 Early 2022"]
[White "Shuvalov, Evgenij"]
[Black "Sanchez, Robert"]
[WhiteFideId "4187237"]
[BlackFideId "2034360"]
[WhiteElo "2053"]
[BlackElo "2193"]
[Result "1-0"]
[Round "11"]
[TimeControl "180+1"]
[Date "2022.05.11"]
[WhiteClock "0:00:23"]
[BlackClock "0:00:15"]

1. Nf3 d5 2. c4 c6 3. g3 Nf6 4. Bg2 g6 5. b3 Bg7 6. Bb2 O-O 7. O-O Bg4 8. d3 Bxf3 9. Bxf3 e6 10. Nd2 Nbd7 11. Bg2 Re8 12. d4 a5 13. e3 Qb6 14. Bc3 e5 15. Rc1 exd4 16. Bxd4 Qa6 17. cxd5 cxd5 18. Re1 Ne5 19. Bf1 Qe6 20. Nf3 Nc6 21. Ba1 Ne4 22. Bxg7 Kxg7 23. Nd4 Qf6 24. f3 Ng5 25. Kg2 Rxe3 26. Rxe3 Nxd4 27. Be2 Nf5 28. Rd3 d4 29. Kh1 Re8 30. Qd2 Nh3 31. Kg2 Ne3+ 32. Kxh3 h5 33. Rxd4 Qf5+ 34. g4 hxg4+ 35. Kg3 gxf3 36. Bxf3 Qg5+ 37. Kf2 Ng4+ 38. Bxg4 Qh4+ 39. Kg2 1-0


[Site "https://www.chess.com"]

[Event "Titled Tuesday Blitz May 10 Early 2022"]
[White "Simonovic, Miroslav"]
[Black "Silvestre, Christian"]
[WhiteFideId "919152"]
[BlackFideId "30956269"]
[WhiteElo "2043"]
[BlackElo "2352"]
[Result "0-1"]
[Round "11"]
[TimeControl "180+1"]
[Date "2022.05.11"]
[WhiteClock "0:00:01"]
[BlackClock "0:00:31"]

1. d4 e5 2. d5 Bc5 3. e3 d6 4. c4 a5 5. Nc3 f5 6. h4 Nf6 7. h5 O-O 8. h6 g6 9. Nf3 Na6 10. a3 Bd7 11. b3 Qe7 12. Bb2 Rae8 13. Qd2 f4 14. e4 Ng4 15. Nd1 Bb6 16. Bd3 Nc5 17. Qc2 a4 18. b4 Nb3 19. Rb1 g5 20. Nd2 Nd4 21. Bxd4 Bxd4 22. Nf3 Ba7 23. c5 Rf6 24. cxd6 cxd6 25. Qc7 Bb8 26. Qxb7 Rxh6 27. Rxh6 Nxh6 28. Bb5 Bxb5 29. Qxb5 g4 30. Ng5 Rc8 31. Ne6 Nf7 32. Kd2 f3 33. g3 Ng5 34. Nxg5 Qxg5+ 35. Ne3 Ba7 36. Qd7 Bxe3+ 37. fxe3 Rf8 38. Rh1 Qg6 39. Ke1 Qxe4 40. Qe6+ Kh8 41. Qe7 Qxe3+ 42. Kf1 Qe2+ 43. Kg1 Qg2# 0-1


[Site "https://www.chess.com"]

[Event "Titled Tuesday Blitz May 10 Early 2022"]
[White "Skliarov, Viktor"]
[Black "Rodchenkov, Sergey D."]
[WhiteFideId "14106736"]
[BlackFideId "4168712"]
[WhiteElo "2229"]
[BlackElo "2306"]
[Result "1-0"]
[Round "11"]
[TimeControl "180+1"]
[Date "2022.05.11"]
[WhiteClock "0:01:44"]
[BlackClock "0:02:16"]

1. e4 c5 2. Nf3 d6 3. d4 cxd4 4. Qxd4 Nc6 5. Bb5 Bd7 6. Bxc6 Bxc6 7. Nc3 Nf6 8. Bg5 e6 9. O-O-O Be7 10. Rhe1 O-O 11. Kb1 Qc7 12. Qd2 Rfd8 13. Nd4 Rab8 14. f3 b5 15. g4 b4 16. Nce2 Ba8 17. h4 h6 18. Bxf6 Bxf6 19. g5 hxg5 20. hxg5 Be7 21. g6 Bf6 22. Rh1 Qe7 23. Nf4 Bxd4 24. Rh8+ Kxh8 25. Qh2+ Kg8 26. Qh7+ Kf8 27. Qh8# 1-0


[Site "https://www.chess.com"]

[Event "Titled Tuesday Blitz May 10 Early 2022"]
[White "Soucek, Petr"]
[Black "Koziorowicz, Michal"]
[WhiteFideId "23715170"]
[BlackFideId "21809194"]
[WhiteElo "1979"]
[BlackElo "2219"]
[Result "0-1"]
[Round "11"]
[TimeControl "180+1"]
[Date "2022.05.11"]
[WhiteClock "0:00:22"]
[BlackClock "0:01:55"]

1. e4 g5 2. d4 e6 3. Nc3 Bg7 4. h4 g4 5. Bg5 f6 6. Be3 h5 7. Nge2 Ne7 8. g3 d5 9. Bg2 c6 10. Qd3 Na6 11. a3 Nc7 12. O-O-O b5 13. f3 a5 14. fxg4 hxg4 15. Nf4 b4 16. Nb1 Ba6 17. Qd2 Qd6 18. Nd3 Bxd3 19. Qxd3 Qxg3 20. Rdg1 Qd6 21. h5 dxe4 22. Bxe4 f5 23. Bg2 f4 24. Bd2 Qxd4 25. Qxd4 Bxd4 26. Bxf4 Bxg1 27. Rxg1 Ncd5 28. Bxd5 cxd5 29. h6 Kf7 30. Rxg4 Rag8 31. Rxg8 Rxg8 32. axb4 axb4 33. Bd2 Rg1+ 0-1


[Site "https://www.chess.com"]

[Event "Titled Tuesday Blitz May 10 Early 2022"]
[White "Stankovic, Ivan G"]
[Black "Gallego Alcaraz, Andres Felipe"]
[WhiteFideId "902837"]
[BlackFideId "4402669"]
[WhiteElo "2195"]
[BlackElo "2340"]
[Result "1-0"]
[Round "11"]
[TimeControl "180+1"]
[Date "2022.05.11"]
[WhiteClock "0:00:04"]
[BlackClock "0:00:18"]

1. e4 c5 2. c4 g6 3. Nc3 Nc6 4. g3 Bg7 5. Bg2 d6 6. d3 Nf6 7. Nge2 O-O 8. O-O Ne8 9. Be3 Nc7 10. d4 cxd4 11. Nxd4 Nxd4 12. Bxd4 Bxd4 13. Qxd4 Ne6 14. Qd3 Nc5 15. Qc2 Be6 16. b3 Qb6 17. h4 Rac8 18. h5 a5 19. Rab1 f6 20. Nd5 Bxd5 21. exd5 Kg7 22. Rfe1 Qd8 23. Bh3 Rc7 24. Re3 b6 25. Rbe1 Rf7 26. a3 Nb7 27. Be6 Rf8 28. Re4 Nc5 29. Rh4 g5 30. h6+ Kh8 31. Rd4 Qe8 32. b4 axb4 33. axb4 Nxe6 34. Rxe6 Qg6 35. Rde4 Ra8 36. Qc3 Raa7 37. Rxd6 exd6 38. Qxf6+ Rg7 39. hxg7+ Rxg7 40. Qxg6 hxg6 41. Re6 Rc7 42. Rxd6 Kg7 43. Rxb6 Rxc4 44. d6 Rd4 45. Kg2 Kf6 46. Kf3 Rd3+ 47. Ke4 Rd2 48. d7+ Ke7 49. Ke3 Rb2 50. Rxg6 Rb3+ 51. Ke2 Rb2+ 52. Kf1 Rxb4 53. Rg7+ Kd8 54. Rxg5 Kxd7 55. Re5 Kd6 56. Re2 Kd7 57. f4 Rb3 58. Kf2 Kd6 59. g4 Kd7 60. g5 Kd6 61. g6 Kd7 62. Re3 Rb6 63. f5 Rf6 64. g7 Rxf5+ 65. Rf3 Rg5 66. Rg3 Rf5+ 67. Kg2 1-0


[Site "https://www.chess.com"]

[Event "Titled Tuesday Blitz May 10 Early 2022"]
[White "Steenbekkers, Franck"]
[Black "Boidiya, Sidi"]
[WhiteFideId "1004220"]
[BlackFideId "19600100"]
[WhiteElo "2060"]
[BlackElo "2113"]
[Result "0-1"]
[Round "11"]
[TimeControl "180+1"]
[Date "2022.05.11"]
[WhiteClock "0:01:14"]
[BlackClock "0:00:44"]

1. e4 c5 2. Nf3 e6 3. c3 d5 4. exd5 Qxd5 5. d4 Nf6 6. Be3 cxd4 7. Nxd4 Nc6 8. Nd2 Be7 9. Bc4 Qxg2 10. Rf1 Bd7 11. Qc2 Rc8 12. Bd3 Nb4 13. Qb1 Nxd3+ 14. Qxd3 Qxh2 15. O-O-O Qc7 16. Rg1 g6 17. Bh6 a6 18. N2f3 Nd5 19. Rge1 Nb4 20. Qb1 Ba4 21. Rd2 Nd5 22. Ne5 Nxc3 23. bxc3 Qxc3+ 24. Nc2 Bf6 25. Ng4 Be7 26. Ne5 f6 27. Nd3 Kf7 28. Qb2 Ba3 0-1


[Site "https://www.chess.com"]

[Event "Titled Tuesday Blitz May 10 Early 2022"]
[White "Stepanencu, Nicodim-Cosmin"]
[Black "Martin, Lewis"]
[WhiteFideId "1256220"]
[BlackFideId "410551"]
[WhiteElo "1945"]
[BlackElo "2145"]
[Result "1-0"]
[Round "11"]
[TimeControl "180+1"]
[Date "2022.05.11"]
[WhiteClock "0:00:03"]
[BlackClock "0:00:01"]

1. b3 d5 2. Bb2 c5 3. e3 Nc6 4. Bb5 Nf6 5. Bxc6+ bxc6 6. Nf3 Bg4 7. d3 e6 8. Nbd2 Be7 9. c4 O-O 10. Qc2 Nd7 11. O-O Bf6 12. Rac1 Qe7 13. Rfe1 a5 14. e4 Bxb2 15. Qxb2 d4 16. Qa3 e5 17. h3 Be6 18. Nf1 Rfb8 19. Ng3 g6 20. Rb1 Rb4 21. Rb2 f6 22. Reb1 h5 23. Ne1 Kf7 24. Nc2 Rbb8 25. f4 exf4 26. Ne2 g5 27. Rf1 Ne5 28. Ne1 Rb4 29. Rd2 Ra7 30. Nc2 Rb8 31. Qc1 f3 32. gxf3 Bxh3 33. Rf2 a4 34. b4 cxb4 35. Ncxd4 b3 36. f4 bxa2 37. Nc3 Rb1 38. Nxb1 a1=Q 39. Nc2 Qa2 40. fxe5 Qxe5 41. Ne1 Qb3 42. Nf3 Qg3+ 43. Kh1 Qbb8 44. Nc3 a3 45. e5 a2 46. Nxa2 Rb7 47. Nc3 Rb3 48. Ne4 Qg4 49. Nfxg5+ 1-0


[Site "https://www.chess.com"]

[Event "Titled Tuesday Blitz May 10 Early 2022"]
[White "Stevens, Christian"]
[Black "Kwon, Sehyun"]
[WhiteFideId "2604450"]
[BlackFideId "13203088"]
[WhiteElo "2481"]
[BlackElo "1778"]
[Result "0-1"]
[Round "11"]
[TimeControl "180+1"]
[Date "2022.05.11"]
[WhiteClock "0:00:02"]
[BlackClock "0:00:01"]

1. d4 g6 2. e4 Bg7 3. Nc3 d6 4. Be3 a6 5. Qd2 b5 6. f3 Bb7 7. g4 Nd7 8. h4 h5 9. g5 e6 10. Nh3 Ne7 11. Bg2 Nb6 12. b3 Nd7 13. O-O O-O 14. Rad1 Rc8 15. Ne2 d5 16. c3 c5 17. Ng3 Qa5 18. e5 cxd4 19. cxd4 b4 20. Nf4 Rc3 21. Nge2 Nf5 22. Nxc3 bxc3 23. Qf2 Rc8 24. Rc1 Nxe3 25. Qxe3 Bf8 26. Rc2 Ba3 27. Qd3 Kg7 28. Bh3 Nf8 29. Ne2 Bb4 30. Rfc1 Ba3 31. Rd1 Bb4 32. a4 Qb6 33. Rdc1 Ba3 34. Rxc3 Bxc1 35. Rxc8 Bxc8 36. Nxc1 a5 37. Qc3 Ba6 38. Kf2 Nd7 39. f4 Nb8 40. Ke3 Nc6 41. Na2 Ne7 42. b4 axb4 43. Qxb4 Qc7 44. Nc3 Kg8 45. Qc5 Qb7 46. Nb5 Nc6 47. Bf1 Ne7 48. Bd3 Nc6 49. Qd6 Na5 50. Qd8+ Kg7 51. Qxa5 Qc6 52. Qb4 Qc1+ 53. Qd2 Qg1+ 54. Qf2 Qc1+ 55. Kf3 Qh1+ 56. Kg3 Qd1 57. Bf1 Qxa4 58. Nd6 Qb3+ 0-1


[Site "https://www.chess.com"]

[Event "Titled Tuesday Blitz May 10 Early 2022"]
[White "Stribuk, Artiom"]
[Black "Stoleriu, George"]
[WhiteFideId "13515659"]
[BlackFideId "1227505"]
[WhiteElo "2259"]
[BlackElo "2194"]
[Result "1-0"]
[Round "11"]
[TimeControl "180+1"]
[Date "2022.05.10"]
[WhiteClock "0:00:24"]
[BlackClock "0:00:09"]

1. d4 e6 2. c4 Nf6 3. Nc3 Bb4 4. Qc2 O-O 5. e4 d5 6. e5 Ne4 7. Bd3 c5 8. Nf3 cxd4 9. Nxd4 Nd7 10. Bf4 Qh4 11. g3 Qh5 12. O-O g5 13. cxd5 Bxc3 14. bxc3 exd5 15. Be3 Ndc5 16. Be2 Qg6 17. f3 Bh3 18. Rfe1 f6 19. fxe4 fxe5 20. Nf5 Bxf5 21. exf5 Qc6 22. Rf1 Rac8 23. Bf3 Rfd8 24. Bxg5 Rd7 25. f6 Ne6 26. Bd2 Qc5+ 27. Kh1 d4 28. Bg4 Rc6 29. f7+ Rxf7 30. Rxf7 Kxf7 31. Qxh7+ Ke8 32. Rf1 Qd5+ 33. Kg1 Rc7 34. Qg6+ Kd7 35. Bxe6+ Qxe6 36. Rf7+ Kd6 37. Rf6 1-0


[Site "https://www.chess.com"]

[Event "Titled Tuesday Blitz May 10 Early 2022"]
[White "Tanenbaum, Zachary"]
[Black "Tania, Sachdev"]
[WhiteFideId "2060850"]
[BlackFideId "5007844"]
[WhiteElo "2168"]
[BlackElo "2280"]
[Result "1-0"]
[Round "11"]
[TimeControl "180+1"]
[Date "2022.05.11"]
[WhiteClock "0:01:36"]
[BlackClock "0:00:56"]

1. e4 e5 2. Nf3 Nc6 3. Bc4 Nf6 4. d3 Bc5 5. c3 O-O 6. Nbd2 d6 7. a4 a6 8. Nf1 h6 9. Ng3 Re8 10. O-O Be6 11. Bxe6 Rxe6 12. d4 exd4 13. cxd4 Nxe4 14. Nxe4 Rxe4 15. dxc5 dxc5 16. Qxd8+ Rxd8 17. Be3 b6 18. h3 f5 19. Rfd1 Rxd1+ 20. Rxd1 Rxa4 21. Rd7 f4 22. Bd2 Ra1+ 23. Kh2 Rf1 24. Bc3 Rxf2 25. Rxg7+ Kf8 26. Rxc7 Nb4 27. Bg7+ Ke8 28. Rb7 Nd5 29. Ne5 Rxb2 30. Rb8+ Ke7 31. Ng6+ Kf7 32. Bxb2 Kxg6 33. Rd8 1-0


[Site "https://www.chess.com"]

[Event "Titled Tuesday Blitz May 10 Early 2022"]
[White "Terry, Renato"]
[Black "Sjugirov, Sanan"]
[WhiteFideId "3803457"]
[BlackFideId "4189302"]
[WhiteElo "2577"]
[BlackElo "2602"]
[Result "1/2-1/2"]
[Round "11"]
[TimeControl "180+1"]
[Date "2022.05.10"]
[WhiteClock "0:00:49"]
[BlackClock "0:01:32"]

1. d4 Nf6 2. Bg5 d5 3. Bxf6 exf6 4. e3 Be6 5. Ne2 Bd6 6. g3 c6 7. Nd2 Nd7 8. Bg2 O-O 9. c3 f5 10. O-O Nf6 11. Nf4 Qe7 12. Rc1 b5 13. a4 a6 14. Ra1 Ne4 15. Qc2 g5 16. Nxe6 fxe6 17. Nxe4 fxe4 18. f3 exf3 19. Rxf3 Rxf3 20. Bxf3 Rf8 21. Rf1 e5 22. axb5 axb5 23. Bg4 Rxf1+ 24. Kxf1 exd4 25. exd4 b4 26. cxb4 Qf6+ 27. Qf2 Qxf2+ 28. Kxf2 Bxb4 29. Bd7 c5 1/2-1/2


[Site "https://www.chess.com"]

[Event "Titled Tuesday Blitz May 10 Early 2022"]
[White "Thomas, Anysia"]
[Black "Miszler, Levente"]
[WhiteFideId "670472"]
[BlackFideId "763276"]
[WhiteElo "2002"]
[BlackElo "1966"]
[Result "1/2-1/2"]
[Round "11"]
[TimeControl "180+1"]
[Date "2022.05.11"]
[WhiteClock "0:00:19"]
[BlackClock "0:01:57"]

1. d4 Nf6 2. c4 g6 3. Nc3 Bg7 4. e4 d6 5. Nf3 O-O 6. h3 Nbd7 7. Be3 e5 8. d5 Nc5 9. Nd2 a5 10. g4 Ne8 11. h4 f5 12. exf5 gxf5 13. h5 f4 14. Bxc5 dxc5 15. Nde4 b6 16. f3 Nd6 17. Bd3 Bf6 18. Qe2 Kh8 19. O-O-O a4 20. Rdg1 Bg5 21. h6 Bd7 22. Rh5 Rg8 23. Nxg5 Rxg5 24. Ne4 Rxh5 25. gxh5 Nf5 26. Ng5 Qf6 27. Qxe5 Rf8 28. Qxc7 Qe7 29. Ne6 Bxe6 30. Qxe7 Nxe7 31. dxe6 Rf6 32. Rg7 Rxe6 33. Rxh7+ Kg8 34. Rg7+ Kh8 35. Rh7+ Kg8 36. Rg7+ Kh8 37. Rh7+ 1/2-1/2


[Site "https://www.chess.com"]

[Event "Titled Tuesday Blitz May 10 Early 2022"]
[White "Todorovic, Bojan"]
[Black "Howell, David W L"]
[WhiteFideId "917087"]
[BlackFideId "410608"]
[WhiteElo "2266"]
[BlackElo "2559"]
[Result "0-1"]
[Round "11"]
[TimeControl "180+1"]
[Date "2022.05.11"]
[WhiteClock "0:01:32"]
[BlackClock "0:02:07"]

1. d4 d5 2. c4 e6 3. Nc3 Nf6 4. cxd5 exd5 5. Bg5 c6 6. e3 h6 7. Bh4 Bd6 8. Bd3 a5 9. Qc2 Na6 10. a3 Nc7 11. Nge2 Ne6 12. e4 dxe4 13. Nxe4 Be7 14. Bg3 O-O 15. O-O Nd5 16. Rad1 f5 17. Nc5 f4 0-1


[Site "https://www.chess.com"]

[Event "Titled Tuesday Blitz May 10 Early 2022"]
[White "Toncheva, Nadya"]
[Black "De Souza, Cristiano Gomes"]
[WhiteFideId "2924056"]
[BlackFideId "2151758"]
[WhiteElo "1888"]
[BlackElo "2068"]
[Result "1-0"]
[Round "11"]
[TimeControl "180+1"]
[Date "2022.05.11"]
[WhiteClock "0:01:30"]
[BlackClock "0:01:23"]

1. e4 c5 2. Nc3 d6 3. f4 g6 4. Nf3 Bg7 5. Bc4 Nc6 6. d3 Nf6 7. O-O O-O 8. Qe1 e6 9. Qh4 d5 10. Bb3 Nd4 11. f5 exf5 12. Bh6 Nxf3+ 13. Rxf3 dxe4 14. Rh3 exd3 15. Bxg7 Kxg7 16. Qh6+ Kg8 17. Rxd3 Ng4 18. Bxf7+ Kh8 19. Rxd8 Nxh6 20. Rxf8+ Kg7 21. Re8 Kxf7 22. Rae1 Ng8 23. Nb5 Kg7 24. Nd6 Nf6 25. Rxc8 Rxc8 26. Nxc8 Ne4 27. Nxa7 1-0


[Site "https://www.chess.com"]

[Event "Titled Tuesday Blitz May 10 Early 2022"]
[White "Tristan, Leonardo"]
[Black "Lazavik, Denis"]
[WhiteFideId "113816"]
[BlackFideId "13515110"]
[WhiteElo "2404"]
[BlackElo "2437"]
[Result "0-1"]
[Round "11"]
[TimeControl "180+1"]
[Date "2022.05.10"]
[WhiteClock "0:00:04"]
[BlackClock "0:00:11"]

1. d4 f5 2. Nf3 Nf6 3. g3 g6 4. Bg2 Bg7 5. O-O O-O 6. Nbd2 d6 7. Re1 Nc6 8. e4 e5 9. dxe5 dxe5 10. exf5 Bxf5 11. c3 e4 12. Qb3+ Kh8 13. Ng5 e3 14. Rxe3 Ng4 15. Nf7+ Rxf7 16. Qxf7 Nxe3 17. fxe3 Ne5 18. Qd5 Qxd5 19. Bxd5 c6 20. Bg2 Rd8 21. e4 Be6 22. Bf1 Bh6 23. Nb3 Bxc1 24. Rxc1 Bxb3 25. axb3 Rd2 26. Bg2 Rxb2 27. b4 Rd2 28. h3 Kg7 29. Ra1 a6 30. Ra5 Kf6 31. h4 Rc2 32. Rc5 Nd3 33. Rc4 Ke5 34. Rd4 Ne1 35. Bh1 Rxc3 36. Rd7 Rxg3+ 37. Kf2 Rh3 38. Kg1 Rxh4 39. Rxb7 Nd3 40. Re7+ Kd4 41. Rd7+ Ke3 42. Re7 Rh5 43. Re6 Nxb4 44. e5 Kd4 45. Re7 Rxe5 46. Rb7 a5 47. Rxh7 Rg5+ 48. Kf2 Nd3+ 49. Ke2 Nf4+ 50. Kf3 Nd5 51. Ra7 Nc3 52. Rd7+ Kc5 53. Kf4 Rf5+ 54. Kg4 a4 55. Rc7 Rf6 56. Kg5 Rd6 57. Ra7 Kb4 58. Kf4 a3 59. Ke5 Rd1 60. Bxc6 a2 61. Rb7+ Kc5 62. Be4 a1=Q 63. Rc7+ Kb6 64. Rb7+ Ka6 65. Rb8 Nxe4+ 66. Kf4 Rf1+ 67. Ke3 Qc3+ 68. Ke2 Qd2+ 69. Kxf1 Qf2# 0-1


[Site "https://www.chess.com"]

[Event "Titled Tuesday Blitz May 10 Early 2022"]
[White "Vasquez Schroeder, Rodrigo"]
[Black "Srihari L R"]
[WhiteFideId "3400042"]
[BlackFideId "46617116"]
[WhiteElo "2567"]
[BlackElo "2121"]
[Result "1/2-1/2"]
[Round "11"]
[TimeControl "180+1"]
[Date "2022.05.10"]
[WhiteClock "0:00:16"]
[BlackClock "0:00:04"]

1. e4 c6 2. d4 d5 3. exd5 cxd5 4. c4 Nf6 5. Nc3 g6 6. Nf3 Nc6 7. h3 Bg7 8. Be2 O-O 9. O-O h6 10. Be3 Be6 11. b3 Ne4 12. Rc1 Nxc3 13. Rxc3 Rc8 14. Qd2 Kh7 15. Rfc1 dxc4 16. bxc4 Bf5 17. Rb3 b6 18. d5 Na5 19. Ra3 Qd6 20. c5 Qd8 21. c6 Be4 22. Rd1 Bxf3 23. gxf3 Qd6 24. Ra4 Rfd8 25. Bf4 Be5 26. Bxh6 Nxc6 27. Rh4 Na5 28. Kg2 Kg8 29. Bg5 Bf6 30. Re4 Bxg5 31. Qxg5 Qf6 32. Qe3 Rc7 33. f4 Nb7 34. Re5 Nd6 35. Bd3 Kf8 36. Re1 Rdc8 37. Qg3 Rc3 38. R1e3 R8c7 39. h4 Nc4 40. Bxc4 Rxe3 41. Qxe3 Rxc4 42. Kg3 Qd6 43. h5 gxh5 44. Rxh5 Ke8 45. Re5 Qg6+ 46. Rg5 Qf6 47. f3 Kd7 48. Rg4 Qd4 49. Qe5 Qg1+ 50. Kh3 Qh1+ 51. Kg3 Qg1+ 52. Kh3 Qf1+ 53. Kg3 Qg1+ 1/2-1/2


[Site "https://www.chess.com"]

[Event "Titled Tuesday Blitz May 10 Early 2022"]
[White "Vifleemskaia, Svetlana"]
[Black "Aaditya Dhingra"]
[WhiteFideId "4129490"]
[BlackFideId "25678191"]
[WhiteElo "1929"]
[BlackElo "1849"]
[Result "1-0"]
[Round "11"]
[TimeControl "180+1"]
[Date "2022.05.11"]
[WhiteClock "0:01:45"]
[BlackClock "0:01:34"]

1. d4 Nf6 2. c4 c5 3. d5 e6 4. Nc3 exd5 5. cxd5 d6 6. e4 a6 7. a4 g6 8. Nf3 Bg7 9. Nd2 O-O 10. Be2 Nbd7 11. O-O Re8 12. f3 g5 13. Nc4 Nh5 14. Nxd6 Bd4+ 15. Kh1 Qf6 16. Nf5 Be5 17. d6 Nf8 18. Nd5 Qd8 19. Nde7+ Kh8 20. Bxg5 f6 21. Bh6 Bxf5 22. Nxf5 Ng6 23. g3 Qd7 24. f4 1-0


[Site "https://www.chess.com"]

[Event "Titled Tuesday Blitz May 10 Early 2022"]
[White "Vignesh, N R"]
[Black "Risteski, Emil"]
[WhiteFideId "25012215"]
[BlackFideId "15005267"]
[WhiteElo "2363"]
[BlackElo "2070"]
[Result "1/2-1/2"]
[Round "11"]
[TimeControl "180+1"]
[Date "2022.05.11"]
[WhiteClock "0:00:36"]
[BlackClock "0:00:15"]

1. e4 d6 2. d4 Nf6 3. Nc3 e5 4. Nf3 Nbd7 5. Bc4 Be7 6. O-O O-O 7. a4 a5 8. h3 c6 9. Re1 Nb6 10. Bb3 Nfd7 11. Be3 exd4 12. Bxd4 Nc5 13. Bxc5 dxc5 14. Qe2 Qd6 15. Rad1 Qg6 16. Ne5 Qf6 17. Ng4 Qg5 18. Qf3 h5 19. Ne3 Bf6 20. e5 Bxe5 21. Ne4 Qf4 22. Qxf4 Bxf4 23. Nxc5 g6 24. h4 Kg7 25. g3 Bc7 26. c3 Rd8 27. Rxd8 Bxd8 28. Nc2 Kf8 29. Nd4 Be7 30. Nd3 c5 31. Rxe7 Kxe7 32. Nxc5 Nd7 33. Nd3 Ra6 34. Nf4 Nf6 35. Kg2 Rd6 36. Bc4 b6 37. Kf3 Bb7+ 38. Ke2 Nd5 39. Nd3 Kf6 40. Kd2 Ne7 41. Ke3 Rd8 42. f4 Bd5 43. Bb5 Nf5+ 44. Nxf5 Kxf5 45. Ne5 f6 46. Bd3+ Ke6 47. Nxg6 Bb3 48. f5+ Kd6 49. Nf4 Rh8 50. Be2 Bf7 51. Kd4 Rh6 52. b4 axb4 53. cxb4 Rh8 54. a5 bxa5 55. bxa5 Ra8 56. a6 Be8 57. Bxh5 Bb5 58. Nd5 Rxa6 59. Nxf6 Ra4+ 60. Ke3 Ke5 61. Ng4+ Kxf5 62. Nh6+ Ke5 63. Nf7+ Kf6 64. Ng5 Ra3+ 65. Kf4 Ra4+ 66. Ne4+ Ke7 67. g4 Bd3 68. Bg6 Kf8 69. h5 Kg7 70. g5 Bb1 71. Bf5 Bxe4 72. Bxe4 Rb4 73. h6+ Kf7 74. Ke5 Rb5+ 75. Kf4 Rc5 76. g6+ Kf6 77. g7 Rg5 78. h7 Kxg7 79. Kxg5 Kh8 80. Bg6 Kg7 81. Kf5 Kh8 82. Ke6 Kg7 83. Ke7 Kh8 84. Bf5 Kg7 85. Be4 Kh8 86. Kf8 1/2-1/2


[Site "https://www.chess.com"]

[Event "Titled Tuesday Blitz May 10 Early 2022"]
[White "Visakh N R"]
[Black "Maximov, Dmitry"]
[WhiteFideId "25012223"]
[BlackFideId "14105659"]
[WhiteElo "2448"]
[BlackElo "2494"]
[Result "1-0"]
[Round "11"]
[TimeControl "180+1"]
[Date "2022.05.10"]
[WhiteClock "0:00:36"]
[BlackClock "0:00:04"]

1. e4 c5 2. Nf3 d6 3. Nc3 Nc6 4. Bb5 Bd7 5. O-O a6 6. Bxc6 Bxc6 7. d4 cxd4 8. Nxd4 Rc8 9. a4 e6 10. Re1 Bd7 11. a5 Nf6 12. Be3 h5 13. h3 h4 14. Nf5 Qc7 15. Bb6 Qb8 16. Nd5 Bc6 17. Bd4 Nxd5 18. exd5 Bxd5 19. Bxg7 Bxg7 20. Qxd5 Kd7 21. Qf3 exf5 22. Qxf5+ Kc6 23. Re7 Rc7 24. Qe4+ d5 25. Re6+ Kd7 26. Qxd5+ Kc8 27. Rd6 Re7 28. Qf5+ Re6 29. Rxe6 fxe6 30. Qxe6+ Kc7 31. Qf7+ Kc6 32. Qxg7 Rg8 33. Qc3+ Kb5 34. Ra3 Rxg2+ 35. Kxg2 Qg8+ 36. Kf1 1-0


[Site "https://www.chess.com"]

[Event "Titled Tuesday Blitz May 10 Early 2022"]
[White "Vlassov, Nikolai"]
[Black "D`Arruda, Ricardo D."]
[WhiteFideId "4103360"]
[BlackFideId "100692"]
[WhiteElo "2407"]
[BlackElo "2468"]
[Result "1-0"]
[Round "11"]
[TimeControl "180+1"]
[Date "2022.05.11"]
[WhiteClock "0:02:58"]
[BlackClock "0:02:10"]

1. e4 c5 2. c3 Nc6 3. d4 cxd4 4. cxd4 d6 5. d5 Ne5 6. f4 Nd7 7. Nf3 Ngf6 8. Nc3 g6 9. e5 Ng4 10. e6 fxe6 11. dxe6 Ndf6 12. Bb5+ 1-0


[Site "https://www.chess.com"]